 Dungeon Crawl Stone Soup version 0.28.0-47-ge53b351184 (webtiles) character file.

Game seed: 6659784263653700542

53 hawla the Digger (level 3, -3/14 HPs)
             Began as a Felid Earth Elementalist on May 8, 2022.
             Slain by a gnoll
             ... wielding a +0 halberd
              (12 damage)
             ... on level 3 of the Dungeon.
             The game lasted 00:02:07 (1148 turns).

hawla the Digger (Felid Earth Elementalist)         Turns: 1148, Time: 00:02:08

Health: -3/14      AC:  1    Str:  4    XL:     3   Next: 62%
Magic:  5/8        EV: 17    Int: 18    God:
Gold:   82         SH:  0    Dex: 16    Spells: 6/7 levels left
                                        Lives:  0   Deaths: 0

rFire   . . .      SeeInvis +   (weapon unavailable)
rCold   . . .      Faith    .   (shield unavailable)
rNeg    . . .      Spirit   .   (armour unavailable)
rPois   .          Reflect  .   (helmet unavailable)
rElec   .          Harm     .   (cloak unavailable)
rCorr   .          Rampage  .   (gloves unavailable)
Will    .....                   (boots unavailable)
Stlth   ++........              (no amulet)
HPRegen 0.04/turn               (no ring)
MPRegen 0.11/turn               (no ring)

@: quick
A: very small, claws 1, fangs 3, see invisible, speed 1, shaggy fur 1, stealthy
paws, no weapons or thrown items, no armour, multi-lived
a: no special abilities


You were on level 3 of the Dungeon.
You visited 1 branch of the dungeon, and saw 3 of its levels.

You collected 82 gold pieces.

Inventory:

Missiles
 b - 66 stones
Jewellery
 c - a +4 ring of protection
 g - an amulet of faith
Potions
 a - a potion of haste {unknown}
 d - a potion of might {unknown}
 e - a potion of magic {unknown}
 f - a potion of flight {unknown}


   Skills:
 + Level 2.7 Dodging
 + Level 2.9 Stealth
 + Level 0.1 Unarmed Combat
 + Level 2.8 Spellcasting
 + Level 1.1 Transmutations
 + Level 3.5 Earth Magic


You had 6 spell levels left.
You knew the following spells:

 Your Spells              Type           Power      Damage    Failure   Level
a - Sandblast             Erth           30%        2d9       3%          1

Your spell library contained the following spells:

 Spells                   Type           Power      Damage    Failure   Level
 Passwall                 Tmut/Erth      8%         N/A       10%         2
 Stone Arrow              Conj/Erth      16%        3d8       24%         3
 Petrify                  Tmut/Erth      10%        N/A       54%         4


Dungeon Overview and Level Annotations

Branches:
Dungeon (3/15)

Altars:


Innate Abilities, Weirdness & Mutations

You have sharp claws.
You have razor-sharp teeth.
You have supernaturally acute eyesight. (SInv)
You cover ground quickly. (Speed+)
You are covered in fur. (AC +1)
Your paws help you pounce on unaware monsters.
You are incapable of wielding weapons or throwing items.
You cannot wear armour.
You gain extra lives every three experience levels.


Message History

What level of the Dungeon? (default 1, ? - help)
You see here a +0 chain mail.
There is a stone staircase leading down here.
You climb downwards.
Found 13 gold pieces and a viscous sapphire potion.
There is a stone staircase leading up here.
There are monsters nearby!
A bat and 2 gnolls come into view.
The gnoll shouts! x2; You hear a shout!
The gnoll shouts!
There is a stone staircase leading up here.
There is a stone staircase leading up here.
Casting: Sandblast (safe; 3% risk of failure)
Confirm with . or Enter, or press ? or * to list all spells.
Aiming: Sandblast (safe; 3% risk of failure)
Press: ? - help, Shift-Dir - straight line, f - bat
Aim: a bat (69% to hit)
The blast of sand hits the bat!
You kill the bat!
Casting: Sandblast (safe; 3% risk of failure)
Confirm with . or Enter, or press ? or * to list all spells.
Aiming: Sandblast (safe; 3% risk of failure)
Press: ? - help, Shift-Dir - straight line, f - gnoll
Aim: a gnoll, wielding a +0 halberd (82% to hit)
The blast of sand hits the gnoll.
The gnoll is lightly wounded.
An adder comes into view.
The gnoll closely misses you.
The adder moves out of view.
Casting: Sandblast (safe; 3% risk of failure)
Confirm with . or Enter, or press ? or * to list all spells.
Aiming: Sandblast (safe; 3% risk of failure)
Press: ? - help, Shift-Dir - straight line, f/p - gnoll
Aim: a gnoll, wielding a +0 halberd (lightly wounded, 82% to hit)
The blast of sand hits the gnoll!
The gnoll is almost dead.
The gnoll hits you from afar with a +0 halberd.
The gnoll closely misses you. x2
The gnoll hits you from afar with a +0 halberd!
Ouch! That really hurt!
You die...

##############
#.............
#.............
##.............
#..b...........
g.g...g$.......
##.#####g#.#
....g.g.@..#
##.##.#.##.#
..!... .#
....##### #
.... ... ..


You could see 4 gnolls.

Vanquished Creatures
  Jessica (D:2)
  A worm (D:2)
  A dart slug (D:1)
  A ball python (D:1)
  4 endoplasms
  3 goblins
  2 jackals (D:2)
  3 bats
  A frilled lizard (D:2)
  2 kobolds (D:2)
  2 rats (D:1)
21 creatures vanquished.

Notes
Turn   | Place    | Note
-------+----------+-------------------------------------------
     0 | D:1      | hawla the Felid Earth Elementalist began the quest for the
                  | Orb.
     0 | D:1      | Reached XP level 1. HP: 7/7 MP: 4/4
    91 | D:1      | Found a faded altar of an unknown god.
   198 | D:1      | Reached skill level 3 in Earth Magic
   297 | D:1      | Reached XP level 2. HP: 9/11 MP: 4/6
   613 | D:2      | Noticed Jessica
   619 | D:2      | Killed Jessica
   620 | D:2      | Reached XP level 3. HP: 14/14 MP: 6/8
  1148 | D:3      | Slain by a gnoll

Illustrated notes

Levels and vault maps discovered:
D:1:      noname_arrival_rooms_in_the_neighbourhood, layout_basic,
          basic_ecumenical_altar
D:2:      layout_rooms, uniq_jessica
D:3:      layout_basic, serial_shops, shop, ebering_ghost_sewer_d,
          serial_bayou_lagoon_a, supply_closet_lemuel

Skill      XL: |  1 |
---------------+----+-----
Earth Magic    | 3 |  3.5
Dodging        | |  2.7
Stealth        | |  2.9
Unarmed Combat | |  0.1
Spellcasting   | |  2.8
Transmutations | |  1.1

Action                   || total
-------------------------++-------
Melee: Unarmed           ||     9
 Cast: Sandblast         ||    21
 Stab: Sleeping          ||     5
Armor: Skin              ||     1
Dodge: Dodged            ||     9
